Wolves vs Heat

Created - Sunday, October 19, 2014 at 23:00

Goals
1 2 3 OT1 SO T
Wolves 1 1 1 0 0 3
Heat 0 2 1 0 1 4
Shots
1 2 3 OT1 SO T
Wolves 10 7 12 1 3 30
Heat 4 14 9 4 2 31

1st period

1. Wolves , Jordan Schroeder 5 (Aaron Volpatti) at 19:30

Penalties :
Kent Huskins (CHI) for Hooking (Minor) at 12:23, Richard Panik (ABB) for Holding (Minor) at 13:59

2nd period

2. Heat , Riley Sheahan 9 (Devante Smith-Pelly) at 3:00
3. Wolves , Yannick Weber 4 (Nicklas Jensen, Corbin McPherson) at 16:22 (SH)
4. Heat , Jon Merrill 5 (Riley Sheahan, Richard Panik) at 16:52 (PP)

Penalties :
Chris Terry (CHI) for Tripping (Minor) at 15:58

3rd period

5. Heat , Devante Smith-Pelly 2 (Riley Sheahan) at 8:42
6. Wolves , Mark Pysyk 4 (Jordan Schroeder) at 19:14 (PP)

Penalties :
Scott Glennie (CHI) for Hooking (Minor) at 2:14, Stuart Percy (ABB) for Holding (Minor) at 18:39

Overtime #1

No Goal

Penalties :
No Penalty

Shootout

Penalty Shot by Chris Terry for Wolves - Stopped by Calvin Pickard
Penalty Shot by Riley Sheahan for Heat - Goal!
Penalty Shot by Landon Ferraro for Wolves - Shot Misses the Net
Penalty Shot by Richard Panik for Heat - Shot Misses the Net
Penalty Shot by Jared Boll for Wolves - Shot Misses the Net

Penalties :
No Penalty

Goalie Stats

Peter Mannino (CHI), 28 saves from 31 shots - (0.903), OTL, 7-0-1, 64:46 minutes
Calvin Pickard (ABB), 2 saves from 3 shots - (0.667), W, 1-0-0, 7:41 minutes
Eddie Pasquale (ABB), 25 saves from 27 shots - (0.926), 57:19 minutes

Players Stats for Wolves

Player Name              G  A  P  +/- PIM S  H  SB GA TA FO     MP     PP MP  PK MP  
------------------------------------------------------------------------------------
Aaron Volpatti           0  1  1   1  0   2  0  0  3  0  2/3    17:27   1:07   0:00 
Ben Hanowski             0  0  0   0  0   2  0  0  2  0  0/0     9:45   0:00   0:17 
Cedric Paquette          0  0  0  -1  0   1  1  0  0  0  3/9    17:49   0:50   0:00 
Chris Terry              0  0  0  -1  2   1  1  3  0  1  4/9    24:26   0:49   2:38 
Christian Hanson         0  0  0   0  0   0  0  0  0  0  0/0     0:00   0:00   0:00 
Corbin McPherson         0  1  1   1  0   0  0  0  1  1  0/0    21:37   1:00   1:19 
Dane Byers               0  0  0   0  0   1  0  0  0  0  0/0     7:48   0:00   0:00 
Jared Boll               0  0  0  -1  0   4  5  0  0  1  0/1    18:48   0:50   0:24 
Jordan Schroeder         1  1  2   0  0   2  0  1  5  0  6/12   16:09   1:07   0:24 
Kent Huskins             0  0  0  -1  2   2  0  1  0  3  0/0    25:43   0:58   2:02 
Landon Ferraro           0  0  0   1  0   0  1  1  0  1  3/9    18:03   0:00   1:52 
Mark Pysyk               1  0  1  -1  0   7  2  4  1  1  0/0    27:28   1:11   3:10 
Michael Caruso           0  0  0   0  0   0  0  2  0  1  0/0    17:01   0:00   1:08 
Nicklas Jensen           0  1  1   0  0   4  1  0  2  1  0/0    21:21   0:50   3:23 
Scott Glennie            0  0  0   0  2   1  2  1  2  0  0/0    18:27   0:46   0:00 
Stephane Da Costa        0  0  0   0  0   0  0  0  1  0  1/1    14:43   0:00   0:00 
Yann Sauve               0  0  0   0  0   0  0  1  1  2  0/0    16:43   0:27   0:00 
Yannick Weber            1  0  1   1  0   3  1  1  2  0  0/0    21:37   1:00   1:19 

Players Stats for Heat

Player Name              G  A  P  +/- PIM S  H  SB GA TA FO     MP     PP MP  PK MP  
------------------------------------------------------------------------------------
Carl Klingberg           0  0  0   0  0   0  2  0  0  0  0/0    13:02   0:00   0:00 
Devante Smith-Pelly      1  1  2   2  0   5  0  0  1  0  0/0    20:10   2:02   0:00 
Filip Forsberg           0  0  0   0  0   0  1  0  2  0  0/1    11:01   0:00   0:17 
Frank Corrado            0  0  0   0  0   1  0  3  0  0  0/0    13:43   0:00   0:00 
Jon Merrill              1  0  1   0  0   2  1  1  0  1  0/0    26:12   1:56   1:16 
Jordan Caron             0  0  0   0  0   1  3  0  0  0  1/1    11:43   0:00   1:40 
Lucas Lessio             0  0  0   0  0   4  2  1  1  0  0/0    13:39   0:00   0:14 
Mark Alt                 0  0  0   0  0   1  0  2  0  2  0/0    16:20   0:00   0:00 
Michael Latta            0  0  0   0  0   0  1  0  1  0  2/6    11:36   0:00   1:40 
Richard Panik            0  1  1   2  2   1  3  3  1  1  0/0    21:38   2:01   0:00 
Rickard Rakell           0  0  0  -2  0   4  1  1  7  0  6/10   16:02   2:27   0:00 
Riley Sheahan            1  2  3   2  0   6  2  1  0  1  15/23  21:35   2:02   0:14 
Sergei Gonchar           0  0  0   0  0   0  2  2  1  3  0/0    26:12   1:56   1:16 
Stuart Percy             0  0  0   0  2   0  1  1  0  3  0/0    24:01   2:33   0:55 
Sven Baertschi           0  0  0  -2  0   0  2  1  4  1  0/0    16:02   2:27   0:00 
Taylor Beck              0  0  0  -2  0   0  2  0  0  1  0/0    17:40   2:27   0:00 
Tim Erixon               0  0  0   0  0   4  2  1  0  0  0/0    23:27   2:33   0:55 
Victor Rask              0  0  0   0  0   2  0  1  0  0  1/3    13:11   0:00   0:17 

3 Stars

1 - Riley Sheahan (ABB)
2 - Devante Smith-Pelly (ABB)
3 - Jordan Schroeder (CHI)

Power Play

Wolves - 1 on 2 Attempt(s) - 50.00%
Heat - 1 on 3 Attempt(s) - 33.33%

Penalty Kill

Wolves - 2 on 3 Attempt(s) - 66.67% - Score 1 goal in Penalty Kill
Heat - 1 on 2 Attempt(s) - 50.00% - Score 0 goal in Penalty Kill

Official

Referees : Unknown
Linesman : Unknown

Game Notes

Frank Corrado is injured at 8:30 of 3rd period (Bruised Right Shoulder)
Eddie Pasquale is injured at 17:19 of 3rd period (Bruised Left Arm)
Calvin Pickard enters game at 17:19 of 3rd period

Finance

Level 1 -- Attendance: 1619 (80.95%) -- Ticket Income $56,665
Level 2 -- Attendance: 727 (72.70%) -- Ticket Income $10,905
Total Attendance: 2346 (78.20%)
Total Ticket Income: $67,570
Other Income: $33,109
Total Income: $100,679

Wolves

5 vs 5 Forward 
   Center                   Left Wing                Right Wing               Time % Phy DF OF 
 1 Jordan Schroeder         Chris Terry              Stephane Da Costa        35     1   2  2  
 2 Cedric Paquette          Nicklas Jensen           Jared Boll               30     1   2  2  
 3 Landon Ferraro           Aaron Volpatti           Scott Glennie            22     1   2  2  
 4 Chris Terry              Dane Byers               Ben Hanowski             13     1   2  2  

5 vs 5 Defense 
   Defense                  Defense                                           Time % Phy DF OF 
 1 Mark Pysyk               Kent Huskins                                      35     1   2  2  
 2 Yannick Weber            Corbin McPherson                                  30     1   2  2  
 3 Yann Sauve               Michael Caruso                                    22     1   2  2  
 4 Mark Pysyk               Kent Huskins                                      13     1   2  2  

PowerPlay Forward 
   Center                   Left Wing                Right Wing               Time % Phy DF OF 
 1 Jordan Schroeder         Chris Terry              Aaron Volpatti           60     1   2  2  
 2 Cedric Paquette          Nicklas Jensen           Jared Boll               40     1   2  2  

PowerPlay Defense
   Defense                  Defense                                           Time % Phy DF OF 
 1 Mark Pysyk               Kent Huskins                                      60     1   2  2  
 2 Yannick Weber            Corbin McPherson                                  40     1   2  2  

Penalty Kill 4 Players Forward 
   Center                   Wing                     Time % Phy DF OF 
 1 Chris Terry              Nicklas Jensen           60     1   2  2  
 2 Jared Boll               Jordan Schroeder         40     1   2  2  

Penalty Kill 4 Players Defense
   Defense                  Defense                  Time % Phy DF OF 
 1 Mark Pysyk               Kent Huskins             60     1   2  2  
 2 Yannick Weber            Corbin McPherson         40     1   2  2  

Penalty Kill - 3 Players Forward 
   Forward                                           Time % Phy DF OF 
 1 Chris Terry                                       60     1   2  2  
 2 Jared Boll                                        40     1   2  2  

Penalty Kill - 3 Players Defense
   Defense                  Defense                  Time % Phy DF OF 
 1 Mark Pysyk               Kent Huskins             60     1   2  2  
 2 Yannick Weber            Corbin McPherson         40     1   2  2  

4 vs 4 Forward 
   Center                   Wing                     Time % Phy DF OF 
 1 Chris Terry              Scott Glennie            60     1   2  2  
 2 Jared Boll               Jordan Schroeder         40     1   2  2  

4 vs 4 Defense
   Defense                  Defense                  Time % Phy DF OF 
 1 Mark Pysyk               Kent Huskins             60     1   2  2  
 2 Yannick Weber            Corbin McPherson         40     1   2  2  

Last Minutes Offensive
   Center                   Left Wing                Right Wing               Defense                  Defense                  
   Jordan Schroeder         Chris Terry              Jared Boll               Mark Pysyk               Kent Huskins             

Last Minutes Defensive
   Center                   Left Wing                Right Wing               Defense                  Defense                  
   Jordan Schroeder         Chris Terry              Jared Boll               Mark Pysyk               Kent Huskins             

Goaltenders
Starting : Peter Mannino            
Backup : Scott Wedgewood          

Extra Forwards
Normal : Aaron Volpatti, Scott Glennie, Landon Ferraro - PP : Aaron Volpatti, Scott Glennie - PK : Landon Ferraro
Extra Defensemen
Normal : Yann Sauve, Michael Caruso, Yannick Weber - PP : Yann Sauve - PK : Michael Caruso, Yannick Weber
Penalty Shots
Chris Terry, Landon Ferraro, Jared Boll, Jordan Schroeder, Nicklas Jensen

Heat

5 vs 5 Forward 
   Center                   Left Wing                Right Wing               Time % Phy DF OF 
 1 Riley Sheahan            Richard Panik            Devante Smith-Pelly      35     1   2  2  
 2 Rickard Rakell           Taylor Beck              Sven Baertschi           30     1   2  2  
 3 Victor Rask              Lucas Lessio             Carl Klingberg           22     1   2  2  
 4 Michael Latta            Jordan Caron             Filip Forsberg           13     1   2  2  

5 vs 5 Defense 
   Defense                  Defense                                           Time % Phy DF OF 
 1 Sergei Gonchar           Jon Merrill                                       35     1   2  2  
 2 Tim Erixon               Stuart Percy                                      30     1   2  2  
 3 Frank Corrado            Mark Alt                                          22     1   2  2  
 4 Sergei Gonchar           Jon Merrill                                       13     1   2  2  

PowerPlay Forward 
   Center                   Left Wing                Right Wing               Time % Phy DF OF 
 1 Riley Sheahan            Richard Panik            Devante Smith-Pelly      50     1   2  2  
 2 Rickard Rakell           Taylor Beck              Sven Baertschi           50     1   2  2  

PowerPlay Defense
   Defense                  Defense                                           Time % Phy DF OF 
 1 Sergei Gonchar           Jon Merrill                                       50     1   2  2  
 2 Tim Erixon               Stuart Percy                                      50     1   2  2  

Penalty Kill 4 Players Forward 
   Center                   Wing                     Time % Phy DF OF 
 1 Michael Latta            Jordan Caron             55     1   2  2  
 2 Victor Rask              Filip Forsberg           45     1   2  2  

Penalty Kill 4 Players Defense
   Defense                  Defense                  Time % Phy DF OF 
 1 Sergei Gonchar           Jon Merrill              50     1   2  2  
 2 Tim Erixon               Stuart Percy             50     1   2  2  

Penalty Kill - 3 Players Forward 
   Forward                                           Time % Phy DF OF 
 1 Michael Latta                                     60     1   2  2  
 2 Victor Rask                                       40     1   2  2  

Penalty Kill - 3 Players Defense
   Defense                  Defense                  Time % Phy DF OF 
 1 Sergei Gonchar           Jon Merrill              50     1   2  2  
 2 Tim Erixon               Stuart Percy             50     1   2  2  

4 vs 4 Forward 
   Center                   Wing                     Time % Phy DF OF 
 1 Riley Sheahan            Richard Panik            55     1   2  2  
 2 Devante Smith-Pelly      Taylor Beck              45     1   2  2  

4 vs 4 Defense
   Defense                  Defense                  Time % Phy DF OF 
 1 Sergei Gonchar           Jon Merrill              50     1   2  2  
 2 Tim Erixon               Stuart Percy             50     1   2  2  

Last Minutes Offensive
   Center                   Left Wing                Right Wing               Defense                  Defense                  
   Riley Sheahan            Richard Panik            Devante Smith-Pelly      Sergei Gonchar           Jon Merrill              

Last Minutes Defensive
   Center                   Left Wing                Right Wing               Defense                  Defense                  
   Riley Sheahan            Richard Panik            Devante Smith-Pelly      Sergei Gonchar           Jon Merrill              

Goaltenders
Starting : Eddie Pasquale           
Backup : Calvin Pickard           

Extra Forwards
Normal : Lucas Lessio, Carl Klingberg, Jordan Caron - PP : Lucas Lessio, Carl Klingberg - PK : Jordan Caron
Extra Defensemen
Normal : Frank Corrado, Mark Alt, Tim Erixon - PP : Frank Corrado - PK : Mark Alt, Tim Erixon
Penalty Shots
Riley Sheahan, Richard Panik, Devante Smith-Pelly, Taylor Beck, Sven Baertschi

% Time on Ice - Wolves

Lines # - Real PCT - Wanted PCT - Time Play
Normal Forward
1 - 27% - 35% - 14:26
2 - 32% - 30% - 17:01
3 - 26% - 22% - 13:42
4 - 15% - 13% - 7:48
Normal Defense
1 - 31% - 35% - 16:12
2 - 32% - 30% - 17:09
3 - 30% - 22% - 15:54
4 - 7% - 13% - 3:42
PP Forward
1 - 62% - 60% - 1:21
2 - 38% - 40% - 0:50
PP Defense
1 - 54% - 60% - 1:11
2 - 46% - 40% - 1:00
PK Forward
1 - 91% - 60% - 4:05
2 - 9% - 40% - 0:24
PK Defense
1 - 71% - 60% - 3:10
2 - 29% - 40% - 1:19
PK3 Forward
1 - 0% - 60%
2 - 0% - 40%
PK3 Defense
1 - 0% - 60%
2 - 0% - 40%
44 Forward
1 - 89% - 60% - 4:48
2 - 11% - 40% - 0:35
44 Defense
1 - 60% - 60% - 3:13
2 - 40% - 40% - 2:10
Last Minute Offensive  - 0:00
Last Minute Defensive  - 0:00
Total
Forward - 65:00
Defense - 65:00

% Time on Ice - Heat

Lines # - Real PCT - Wanted PCT - Time Play
Normal Forward
1 - 31% - 35% - 16:31
2 - 27% - 30% - 14:23
3 - 23% - 22% - 12:06
4 - 19% - 13% - 9:57
Normal Defense
1 - 32% - 35% - 16:43
2 - 31% - 30% - 16:16
3 - 31% - 22% - 16:21
4 - 7% - 13% - 3:37
PP Forward
1 - 45% - 50% - 2:02
2 - 55% - 50% - 2:27
PP Defense
1 - 43% - 50% - 1:56
2 - 57% - 50% - 2:33
PK Forward
1 - 87% - 55% - 1:54
2 - 13% - 45% - 0:17
PK Defense
1 - 58% - 50% - 1:16
2 - 42% - 50% - 0:55
PK3 Forward
1 - 0% - 60%
2 - 0% - 40%
PK3 Defense
1 - 0% - 50%
2 - 0% - 50%
44 Forward
1 - 70% - 55% - 3:45
2 - 30% - 45% - 1:38
44 Defense
1 - 50% - 50% - 2:41
2 - 50% - 50% - 2:42
Last Minute Offensive  - 0:00
Last Minute Defensive  - 0:00
Total
Forward - 65:00
Defense - 65:00

Play by Play

1st period


0:01 of 1st period - Jordan Schroeder wins face-off versus Riley Sheahan in neutral zone.
0:57 of 1st period - Taylor Beck is hit by Jared Boll and loses puck.
1:55 of 1st period - Wrist shot by Aaron Volpatti.
1:55 of 1st period - Shot Misses the Net.
1:57 of 1st period - Snap shot by Michael Caruso.
1:57 of 1st period - Shot Misses the Net.
1:59 of 1st period - Slapshot by Landon Ferraro.
1:59 of 1st period - Deflect By Aaron Volpatti.
1:59 of 1st period - Stopped by Eddie Pasquale without a rebound.
2:00 of 1st period - Chris Terry wins face-off versus Michael Latta in Heat zone.
2:09 of 1st period - Snap shot by Jordan Caron.
2:09 of 1st period - Shot Blocked by Chris Terry.
2:17 of 1st period - Backhand shot by Jordan Caron.
2:17 of 1st period - Shot Blocked by Yann Sauve.
2:45 of 1st period - Devante Smith-Pelly is hit by Jared Boll and loses puck.
3:20 of 1st period - Mark Pysyk is hit by Richard Panik.
3:50 of 1st period - Slapshot by Sven Baertschi.
3:50 of 1st period - Shot Misses the Net.
3:52 of 1st period - Slapshot by Jon Merrill.
3:52 of 1st period - Shot Hit the Post.
3:54 of 1st period - Snap shot by Rickard Rakell.
3:54 of 1st period - Shot Misses the Net.
4:26 of 1st period - Jared Boll is hit by Carl Klingberg and loses puck.
4:33 of 1st period - Snap shot by Lucas Lessio.
4:33 of 1st period - Deflect By Victor Rask.
4:33 of 1st period - Deflect By Cedric Paquette.
4:33 of 1st period - Stopped by Peter Mannino with a rebound.
4:35 of 1st period - Slapshot by Tim Erixon.
4:35 of 1st period - Shot Misses the Net.
5:07 of 1st period - Slapshot by Chris Terry.
5:07 of 1st period - Shot Misses the Net.
5:39 of 1st period - Sergei Gonchar is hit by Scott Glennie and loses puck.
5:50 of 1st period - Snap shot by Mark Pysyk.
5:50 of 1st period - Stopped by Eddie Pasquale without a rebound.
5:51 of 1st period - Rickard Rakell wins face-off versus Landon Ferraro in Heat zone.
6:45 of 1st period - Slapshot by Yannick Weber.
6:45 of 1st period - Shot Misses the Net.
7:01 of 1st period - Wrist shot by Jared Boll.
7:01 of 1st period - Stopped by Eddie Pasquale with a rebound.
7:37 of 1st period - Icing by Scott Glennie.
7:38 of 1st period - Landon Ferraro wins face-off versus Riley Sheahan in Wolves zone.
7:59 of 1st period - Wrist shot by Riley Sheahan.
7:59 of 1st period - Shot Blocked by Michael Caruso.
8:23 of 1st period - Snap shot by Nicklas Jensen.
8:23 of 1st period - Shot Misses the Net.
8:25 of 1st period - Slapshot by Mark Pysyk.
8:25 of 1st period - Stopped by Eddie Pasquale with a rebound.
8:27 of 1st period - Wrist shot by Kent Huskins.
8:27 of 1st period - Shot Misses the Net.
8:29 of 1st period - Snap shot by Nicklas Jensen.
8:29 of 1st period - Shot Blocked by Sergei Gonchar.
8:31 of 1st period - Wrist shot by Nicklas Jensen.
8:31 of 1st period - Shot Misses the Net.
9:44 of 1st period - Snap shot by Nicklas Jensen.
9:44 of 1st period - Deflect By Jared Boll.
9:44 of 1st period - Shot Misses the Net.
9:44 of 1st period - Puck is out of play.
9:45 of 1st period - Jordan Caron wins face-off versus Jared Boll in Heat zone.
11:56 of 1st period - Slapshot by Mark Pysyk.
11:56 of 1st period - Shot Blocked by Rickard Rakell.
11:58 of 1st period - Slapshot by Mark Pysyk.
11:58 of 1st period - Stopped by Eddie Pasquale without a rebound.
11:59 of 1st period - Aaron Volpatti wins face-off versus Filip Forsberg in Heat zone.
12:23 of 1st period - Minor Penalty to Kent Huskins for Hooking.
12:24 of 1st period - Riley Sheahan wins face-off versus Chris Terry in Wolves zone.
12:26 of 1st period - Wrist shot by Richard Panik.
12:26 of 1st period - Shot Misses the Net.
12:28 of 1st period - Slapshot by Tim Erixon.
12:28 of 1st period - Shot Blocked by Mark Pysyk.
12:30 of 1st period - Slapshot by Tim Erixon.
12:30 of 1st period - Shot Misses the Net.
12:32 of 1st period - Slapshot by Richard Panik.
12:32 of 1st period - Stopped by Peter Mannino with a rebound.
12:34 of 1st period - Slapshot by Tim Erixon.
12:34 of 1st period - Shot Misses the Net.
12:36 of 1st period - Wrist shot by Tim Erixon.
12:36 of 1st period - Stopped by Peter Mannino without a rebound.
12:37 of 1st period - Riley Sheahan wins face-off versus Chris Terry in Wolves zone.
13:03 of 1st period - Snap shot by Devante Smith-Pelly.
13:03 of 1st period - Stopped by Peter Mannino with a rebound.
13:05 of 1st period - Wrist shot by Stuart Percy.
13:05 of 1st period - Shot Blocked by Chris Terry.
13:30 of 1st period - Mark Pysyk is hit by Stuart Percy and loses puck.
13:54 of 1st period - Snap shot by Yannick Weber.
13:54 of 1st period - Deflect By Stuart Percy.
13:54 of 1st period - Stopped by Eddie Pasquale without a rebound.
13:55 of 1st period - Landon Ferraro wins face-off versus Riley Sheahan in Heat zone.
13:59 of 1st period - Minor Penalty to Richard Panik for Holding.
14:00 of 1st period - Riley Sheahan wins face-off versus Chris Terry in Heat zone.
14:23 of 1st period - Penalty to Kent Huskins is over, Kent Huskins is back on ice.
14:56 of 1st period - Slapshot by Yannick Weber.
14:56 of 1st period - Shot Misses the Net.
15:48 of 1st period - Filip Forsberg is hit by Jared Boll and loses puck.
15:59 of 1st period - Penalty to Richard Panik is over, Richard Panik is back on ice.
16:17 of 1st period - Backhand shot by Richard Panik.
16:17 of 1st period - Shot Blocked by Mark Pysyk.
18:30 of 1st period - Slapshot by Mark Pysyk.
18:30 of 1st period - Deflect By Jon Merrill.
18:30 of 1st period - Stopped by Eddie Pasquale with a rebound.
18:32 of 1st period - Slapshot by Kent Huskins.
18:32 of 1st period - Stopped by Eddie Pasquale with a rebound.
18:34 of 1st period - Slapshot by Kent Huskins.
18:34 of 1st period - Stopped by Eddie Pasquale with a rebound.
18:36 of 1st period - Slapshot by Mark Pysyk.
18:36 of 1st period - Shot Misses the Net.
18:47 of 1st period - Off-side.
18:48 of 1st period - Cedric Paquette wins face-off versus Rickard Rakell in neutral zone.
18:55 of 1st period - Yannick Weber is hit by Taylor Beck and loses puck.
19:12 of 1st period - Snap shot by Ben Hanowski.
19:12 of 1st period - Shot Misses the Net.
19:30 of 1st period - Snap shot by Jordan Schroeder.
19:30 of 1st period - Goal by Jordan Schroeder - Wolves : 1 - Heat : 0.
19:31 of 1st period - Cedric Paquette wins face-off versus Michael Latta in neutral zone.
19:40 of 1st period - Wrist shot by Jared Boll.
19:40 of 1st period - Shot Misses the Net.
Goals for this period are 1 for Wolves vs 0 for Heat.
Shots for this period are 10 for Wolves vs 4 for Heat.

2nd period


0:01 of 2nd period - Riley Sheahan wins face-off versus Jordan Schroeder in neutral zone.
1:01 of 2nd period - Wrist shot by Nicklas Jensen.
1:01 of 2nd period - Shot Misses the Net.
1:47 of 2nd period - Aaron Volpatti is hit by Sven Baertschi and loses puck.
3:00 of 2nd period - Snap shot by Riley Sheahan.
3:00 of 2nd period - Goal by Riley Sheahan - Wolves : 1 - Heat : 1.
3:01 of 2nd period - Stephane Da Costa wins face-off versus Riley Sheahan in neutral zone.
3:06 of 2nd period - Slapshot by Yannick Weber.
3:06 of 2nd period - Stopped by Eddie Pasquale with a rebound.
3:20 of 2nd period - Wrist shot by Riley Sheahan.
3:20 of 2nd period - Shot Misses the Net.
3:42 of 2nd period - Nicklas Jensen is hit by Riley Sheahan and loses puck.
4:00 of 2nd period - Snap shot by Nicklas Jensen.
4:00 of 2nd period - Stopped by Eddie Pasquale with a rebound.
4:06 of 2nd period - Slapshot by Nicklas Jensen.
4:06 of 2nd period - Shot Blocked by Victor Rask.
4:08 of 2nd period - Slapshot by Kent Huskins.
4:08 of 2nd period - Shot Blocked by Mark Alt.
4:10 of 2nd period - Slapshot by Mark Pysyk.
4:10 of 2nd period - Shot Misses the Net.
5:45 of 2nd period - Yann Sauve is hit by Jordan Caron and loses puck.
6:47 of 2nd period - Slapshot by Mark Pysyk.
6:47 of 2nd period - Shot Misses the Net.
6:49 of 2nd period - Snap shot by Mark Pysyk.
6:49 of 2nd period - Stopped by Eddie Pasquale with a rebound.
7:07 of 2nd period - Lucas Lessio is hit by Jared Boll and loses puck.
7:24 of 2nd period - Corbin McPherson is hit by Lucas Lessio and loses puck.
7:41 of 2nd period - Snap shot by Rickard Rakell.
7:41 of 2nd period - Shot Misses the Net.
7:43 of 2nd period - Wrist shot by Taylor Beck.
7:43 of 2nd period - Shot Misses the Net.
7:45 of 2nd period - Wrist shot by Mark Alt.
7:45 of 2nd period - Stopped by Peter Mannino with a rebound.
7:47 of 2nd period - Wrist shot by Rickard Rakell.
7:47 of 2nd period - Stopped by Peter Mannino with a rebound.
7:59 of 2nd period - Wrist shot by Rickard Rakell.
7:59 of 2nd period - Stopped by Peter Mannino without a rebound.
8:00 of 2nd period - Michael Latta wins face-off versus Landon Ferraro in Wolves zone.
10:46 of 2nd period - Cedric Paquette is hit by Carl Klingberg and loses puck.
11:26 of 2nd period - Chris Terry is hit by Filip Forsberg and loses puck.
11:57 of 2nd period - Jon Merrill is hit by Yannick Weber and loses puck.
12:18 of 2nd period - Snap shot by Aaron Volpatti.
12:18 of 2nd period - Shot Blocked by Richard Panik.
13:27 of 2nd period - Slapshot by Frank Corrado.
13:27 of 2nd period - Shot Misses the Net.
13:29 of 2nd period - Snap shot by Victor Rask.
13:29 of 2nd period - Shot Misses the Net.
13:35 of 2nd period - Snap shot by Jon Merrill.
13:35 of 2nd period - Stopped by Peter Mannino with a rebound.
13:39 of 2nd period - Snap shot by Lucas Lessio.
13:39 of 2nd period - Stopped by Peter Mannino with a rebound.
13:41 of 2nd period - Wrist shot by Lucas Lessio.
13:41 of 2nd period - Stopped by Peter Mannino with a rebound.
14:13 of 2nd period - Jordan Caron is hit by Mark Pysyk.
14:17 of 2nd period - Mark Pysyk is hit by Michael Latta and loses puck.
14:32 of 2nd period - Scott Glennie is hit by Taylor Beck and loses puck.
15:10 of 2nd period - Slapshot by Mark Pysyk.
15:10 of 2nd period - Shot Misses the Net.
15:12 of 2nd period - Wrist shot by Dane Byers.
15:12 of 2nd period - Stopped by Eddie Pasquale with a rebound.
15:14 of 2nd period - Slapshot by Kent Huskins.
15:14 of 2nd period - Shot Blocked by Frank Corrado.
15:16 of 2nd period - Slapshot by Ben Hanowski.
15:16 of 2nd period - Stopped by Eddie Pasquale with a rebound.
15:38 of 2nd period - Wrist shot by Carl Klingberg.
15:38 of 2nd period - Shot Misses the Net.
15:40 of 2nd period - Snap shot by Victor Rask.
15:40 of 2nd period - Stopped by Peter Mannino with a rebound.
15:42 of 2nd period - Slapshot by Stuart Percy.
15:42 of 2nd period - Shot Blocked by Kent Huskins.
15:44 of 2nd period - Wrist shot by Lucas Lessio.
15:44 of 2nd period - Shot Misses the Net.
15:46 of 2nd period - Slapshot by Stuart Percy.
15:46 of 2nd period - Shot Blocked by Jordan Schroeder.
15:48 of 2nd period - Snap shot by Carl Klingberg.
15:48 of 2nd period - Shot Misses the Net.
15:50 of 2nd period - Slapshot by Tim Erixon.
15:50 of 2nd period - Stopped by Peter Mannino with a rebound.
15:52 of 2nd period - Slapshot by Stuart Percy.
15:52 of 2nd period - Shot Misses the Net.
15:58 of 2nd period - Minor Penalty to Chris Terry for Tripping.
15:59 of 2nd period - Rickard Rakell wins face-off versus Landon Ferraro in Wolves zone.
16:20 of 2nd period - Slapshot by Nicklas Jensen.
16:20 of 2nd period - Shot Blocked by Sven Baertschi.
16:22 of 2nd period - Slapshot by Yannick Weber.
16:22 of 2nd period - Goal by Yannick Weber - Wolves : 2 - Heat : 1.
16:23 of 2nd period - Landon Ferraro wins face-off versus Rickard Rakell in neutral zone.
16:37 of 2nd period - Nicklas Jensen is hit by Sven Baertschi and loses puck.
16:46 of 2nd period - Wrist shot by Rickard Rakell.
16:46 of 2nd period - Stopped by Peter Mannino without a rebound.
16:47 of 2nd period - Riley Sheahan wins face-off versus Landon Ferraro in Wolves zone.
16:50 of 2nd period - Wrist shot by Richard Panik.
16:50 of 2nd period - Deflect By Riley Sheahan.
16:50 of 2nd period - Stopped by Peter Mannino with a rebound.
16:52 of 2nd period - Backhand shot by Jon Merrill.
16:52 of 2nd period - Goal by Jon Merrill - Wolves : 2 - Heat : 2.
16:53 of 2nd period - Jordan Schroeder wins face-off versus Riley Sheahan in neutral zone.
16:56 of 2nd period - Slapshot by Mark Pysyk.
16:56 of 2nd period - Shot Blocked by Richard Panik.
16:58 of 2nd period - Slapshot by Mark Pysyk.
16:58 of 2nd period - Deflect By Jordan Schroeder.
16:58 of 2nd period - Shot Misses the Net.
16:58 of 2nd period - Puck is out of play.
16:59 of 2nd period - Jordan Schroeder wins face-off versus Riley Sheahan in Heat zone.
17:20 of 2nd period - Wrist shot by Jordan Schroeder.
17:20 of 2nd period - Deflect By Stephane Da Costa.
17:20 of 2nd period - Shot Misses the Net.
17:20 of 2nd period - Puck is out of play.
17:21 of 2nd period - Rickard Rakell wins face-off versus Landon Ferraro in Heat zone.
17:46 of 2nd period - Snap shot by Rickard Rakell.
17:46 of 2nd period - Stopped by Peter Mannino with a rebound.
17:48 of 2nd period - Slapshot by Stuart Percy.
17:48 of 2nd period - Shot Hit the Post.
18:30 of 2nd period - Wrist shot by Riley Sheahan.
18:30 of 2nd period - Shot Misses the Net.
18:32 of 2nd period - Slapshot by Devante Smith-Pelly.
18:32 of 2nd period - Stopped by Peter Mannino without a rebound.
18:33 of 2nd period - Jordan Schroeder wins face-off versus Victor Rask in Wolves zone.
18:40 of 2nd period - Wrist shot by Jordan Schroeder.
18:40 of 2nd period - Stopped by Eddie Pasquale with a rebound.
18:58 of 2nd period - Snap shot by Lucas Lessio.
18:58 of 2nd period - Deflect By Victor Rask.
18:58 of 2nd period - Shot Blocked by Mark Pysyk.
18:58 of 2nd period - Puck is out of play.
18:59 of 2nd period - Michael Latta wins face-off versus Cedric Paquette in Wolves zone.
19:36 of 2nd period - Backhand shot by Michael Latta.
19:36 of 2nd period - Shot Misses the Net.
19:57 of 2nd period - Kent Huskins is hit by Jon Merrill and loses puck.
Goals for this period are 1 for Wolves vs 2 for Heat.
Shots for this period are 7 for Wolves vs 14 for Heat.

3rd period


0:01 of 3rd period - Riley Sheahan wins face-off versus Jordan Schroeder in neutral zone.
0:29 of 3rd period - Backhand shot by Riley Sheahan.
0:29 of 3rd period - Deflect By Jordan Schroeder.
0:29 of 3rd period - Stopped by Peter Mannino with a rebound.
0:53 of 3rd period - Taylor Beck is hit by Nicklas Jensen and loses puck.
1:12 of 3rd period - Tim Erixon is hit by Cedric Paquette and loses puck.
1:19 of 3rd period - Taylor Beck is hit by Mark Pysyk and loses puck.
2:00 of 3rd period - Snap shot by Lucas Lessio.
2:00 of 3rd period - Stopped by Peter Mannino with a rebound.
2:08 of 3rd period - Snap shot by Lucas Lessio.
2:08 of 3rd period - Shot Blocked by Landon Ferraro.
2:14 of 3rd period - Minor Penalty to Scott Glennie for Hooking.
2:15 of 3rd period - Chris Terry wins face-off versus Riley Sheahan in Wolves zone.
2:24 of 3rd period - Wrist shot by Riley Sheahan.
2:24 of 3rd period - Stopped by Peter Mannino with a rebound.
3:40 of 3rd period - Richard Panik is hit by Landon Ferraro and loses puck.
3:49 of 3rd period - Chris Terry is hit by Riley Sheahan.
4:14 of 3rd period - Penalty to Scott Glennie is over, Scott Glennie is back on ice.
4:17 of 3rd period - Landon Ferraro is hit by Sergei Gonchar and loses puck.
4:32 of 3rd period - Snap shot by Frank Corrado.
4:32 of 3rd period - Stopped by Peter Mannino with a rebound.
4:34 of 3rd period - Slapshot by Victor Rask.
4:34 of 3rd period - Shot Blocked by Yannick Weber.
4:36 of 3rd period - Backhand shot by Victor Rask.
4:36 of 3rd period - Deflect By Lucas Lessio.
4:36 of 3rd period - Stopped by Peter Mannino without a rebound.
4:37 of 3rd period - Victor Rask wins face-off versus Jordan Schroeder in Wolves zone.
4:56 of 3rd period - Wrist shot by Jordan Schroeder.
4:56 of 3rd period - Shot Misses the Net.
5:49 of 3rd period - Cedric Paquette is hit by Jordan Caron and loses puck.
6:00 of 3rd period - Yannick Weber is hit by Tim Erixon and loses puck.
6:54 of 3rd period - Scott Glennie is hit by Sergei Gonchar and loses puck.
7:25 of 3rd period - Wrist shot by Rickard Rakell.
7:25 of 3rd period - Deflect By Taylor Beck.
7:25 of 3rd period - Shot Blocked by Michael Caruso.
7:25 of 3rd period - Puck is out of play.
7:26 of 3rd period - Aaron Volpatti wins face-off versus Michael Latta in Wolves zone.
7:26 of 3rd period - Aaron Volpatti is hit by Jordan Caron.
7:44 of 3rd period - Slapshot by Mark Pysyk.
7:44 of 3rd period - Shot Misses the Net.
7:46 of 3rd period - Slapshot by Mark Pysyk.
7:46 of 3rd period - Shot Blocked by Frank Corrado.
8:12 of 3rd period - Slapshot by Jordan Schroeder.
8:12 of 3rd period - Shot Misses the Net.
8:30 of 3rd period - Wrist shot by Cedric Paquette.
8:30 of 3rd period - Shot Blocked by Frank Corrado.
8:30 of 3rd period - Frank Corrado from Heat is injured at 8:30 of 3rd period (Bruised Right Shoulder).
8:31 of 3rd period - Riley Sheahan wins face-off versus Jordan Schroeder in Heat zone.
8:40 of 3rd period - Slapshot by Devante Smith-Pelly.
8:40 of 3rd period - Shot Blocked by Mark Pysyk.
8:42 of 3rd period - Snap shot by Devante Smith-Pelly.
8:42 of 3rd period - Goal by Devante Smith-Pelly - Wolves : 2 - Heat : 3.
8:43 of 3rd period - Jordan Schroeder wins face-off versus Riley Sheahan in neutral zone.
9:11 of 3rd period - Off-side.
9:12 of 3rd period - Rickard Rakell wins face-off versus Cedric Paquette in neutral zone.
9:35 of 3rd period - Cedric Paquette is hit by Tim Erixon and loses puck.
9:44 of 3rd period - Slapshot by Jared Boll.
9:44 of 3rd period - Stopped by Eddie Pasquale without a rebound.
9:45 of 3rd period - Riley Sheahan wins face-off versus Jordan Schroeder in Heat zone.
10:08 of 3rd period - Wrist shot by Devante Smith-Pelly.
10:08 of 3rd period - Stopped by Peter Mannino with a rebound.
10:14 of 3rd period - Snap shot by Stephane Da Costa.
10:14 of 3rd period - Shot Misses the Net.
10:16 of 3rd period - Snap shot by Mark Pysyk.
10:16 of 3rd period - Stopped by Eddie Pasquale with a rebound.
10:36 of 3rd period - Lucas Lessio is hit by Scott Glennie and loses puck.
10:43 of 3rd period - Wrist shot by Scott Glennie.
10:43 of 3rd period - Stopped by Eddie Pasquale with a rebound.
10:51 of 3rd period - Scott Glennie is hit by Lucas Lessio and loses puck.
11:18 of 3rd period - Wrist shot by Jared Boll.
11:18 of 3rd period - Stopped by Eddie Pasquale with a rebound.
11:20 of 3rd period - Wrist shot by Nicklas Jensen.
11:20 of 3rd period - Shot Hit the Post.
11:24 of 3rd period - Snap shot by Nicklas Jensen.
11:24 of 3rd period - Stopped by Eddie Pasquale with a rebound.
11:34 of 3rd period - Wrist shot by Nicklas Jensen.
11:34 of 3rd period - Stopped by Eddie Pasquale without a rebound.
11:35 of 3rd period - Chris Terry wins face-off versus Rickard Rakell in Heat zone.
12:48 of 3rd period - Slapshot by Mark Pysyk.
12:48 of 3rd period - Shot Blocked by Mark Alt.
13:02 of 3rd period - Slapshot by Mark Pysyk.
13:02 of 3rd period - Shot Blocked by Richard Panik.
14:31 of 3rd period - Off-side.
14:32 of 3rd period - Chris Terry wins face-off versus Victor Rask in neutral zone.
14:43 of 3rd period - Slapshot by Ben Hanowski.
14:43 of 3rd period - Stopped by Eddie Pasquale with a rebound.
14:45 of 3rd period - Slapshot by Ben Hanowski.
14:45 of 3rd period - Shot Blocked by Lucas Lessio.
14:47 of 3rd period - Snap shot by Chris Terry.
14:47 of 3rd period - Stopped by Eddie Pasquale with a rebound.
15:37 of 3rd period - Slapshot by Rickard Rakell.
15:37 of 3rd period - Deflect By Scott Glennie.
15:37 of 3rd period - Shot Misses the Net.
15:37 of 3rd period - Puck is out of play.
15:38 of 3rd period - Rickard Rakell wins face-off versus Cedric Paquette in Wolves zone.
16:38 of 3rd period - Snap shot by Jordan Caron.
16:38 of 3rd period - Stopped by Peter Mannino without a rebound.
16:39 of 3rd period - Riley Sheahan wins face-off versus Landon Ferraro in Wolves zone.
17:15 of 3rd period - Snap shot by Nicklas Jensen.
17:15 of 3rd period - Stopped by Eddie Pasquale with a rebound.
17:19 of 3rd period - Wrist shot by Jared Boll.
17:19 of 3rd period - Stopped by Eddie Pasquale with a rebound.
17:19 of 3rd period - Eddie Pasquale from Heat is injured at 17:19 of 3rd period (Bruised Left Arm).
17:19 of 3rd period - Calvin Pickard enters game.
17:20 of 3rd period - Riley Sheahan wins face-off versus Jordan Schroeder in Heat zone.
17:27 of 3rd period - Kent Huskins is hit by Richard Panik and loses puck.
17:46 of 3rd period - Slapshot by Devante Smith-Pelly.
17:46 of 3rd period - Stopped by Peter Mannino without a rebound.
17:47 of 3rd period - Rickard Rakell wins face-off versus Cedric Paquette in Wolves zone.
18:03 of 3rd period - Icing by Cedric Paquette.
18:04 of 3rd period - Cedric Paquette wins face-off versus Rickard Rakell in Wolves zone.
18:04 of 3rd period - Cedric Paquette is hit by Rickard Rakell.
18:29 of 3rd period - Wrist shot by Jared Boll.
18:29 of 3rd period - Shot Blocked by Stuart Percy.
18:31 of 3rd period - Backhand shot by Cedric Paquette.
18:31 of 3rd period - Stopped by Calvin Pickard with a rebound.
18:39 of 3rd period - Minor Penalty to Stuart Percy for Holding.
18:40 of 3rd period - Jordan Schroeder wins face-off versus Michael Latta in Heat zone.
19:00 of 3rd period - Wolves, Peter Mannino is pulled from the net.
19:06 of 3rd period - Slapshot by Mark Pysyk.
19:06 of 3rd period - Shot Blocked by Jon Merrill.
19:08 of 3rd period - Wrist shot by Mark Pysyk.
19:08 of 3rd period - Shot Misses the Net.
19:10 of 3rd period - Slapshot by Mark Pysyk.
19:10 of 3rd period - Shot Misses the Net.
19:12 of 3rd period - Snap shot by Mark Pysyk.
19:12 of 3rd period - Shot Hit the Post.
19:14 of 3rd period - Slapshot by Mark Pysyk.
19:14 of 3rd period - Goal by Mark Pysyk - Wolves : 3 - Heat : 3.
19:14 of 3rd period - Peter Mannino from Wolves was sent back in the game.
19:15 of 3rd period - Riley Sheahan wins face-off versus Cedric Paquette in neutral zone.
19:32 of 3rd period - Snap shot by Nicklas Jensen.
19:32 of 3rd period - Deflect By Cedric Paquette.
19:32 of 3rd period - Shot Blocked by Tim Erixon.
19:32 of 3rd period - Puck is out of play.
19:33 of 3rd period - Riley Sheahan wins face-off versus Cedric Paquette in Heat zone.
Goals for this period are 1 for Wolves vs 1 for Heat.
Shots for this period are 12 for Wolves vs 9 for Heat.

Overtime #1


0:01 of 1st overtime period - Riley Sheahan wins face-off versus Chris Terry in neutral zone.
0:04 of 1st overtime period - Wrist shot by Richard Panik.
0:04 of 1st overtime period - Shot Misses the Net.
0:06 of 1st overtime period - Wrist shot by Richard Panik.
0:06 of 1st overtime period - Shot Misses the Net.
0:08 of 1st overtime period - Slapshot by Tim Erixon.
0:08 of 1st overtime period - Shot Misses the Net.
0:28 of 1st overtime period - Slapshot by Richard Panik.
0:28 of 1st overtime period - Shot Misses the Net.
0:30 of 1st overtime period - Slapshot by Tim Erixon.
0:30 of 1st overtime period - Stopped by Peter Mannino with a rebound.
0:32 of 1st overtime period - Snap shot by Riley Sheahan.
0:32 of 1st overtime period - Shot Blocked by Chris Terry.
0:34 of 1st overtime period - Slapshot by Tim Erixon.
0:34 of 1st overtime period - Stopped by Peter Mannino with a rebound.
0:36 of 1st overtime period - Snap shot by Riley Sheahan.
0:36 of 1st overtime period - Stopped by Peter Mannino with a rebound.
0:56 of 1st overtime period - Icing by Mark Pysyk.
0:57 of 1st overtime period - Riley Sheahan wins face-off versus Chris Terry in Wolves zone.
1:08 of 1st overtime period - Snap shot by Devante Smith-Pelly.
1:08 of 1st overtime period - Shot Blocked by Scott Glennie.
1:28 of 1st overtime period - Jon Merrill is hit by Chris Terry and loses puck.
1:47 of 1st overtime period - Slapshot by Riley Sheahan.
1:47 of 1st overtime period - Stopped by Peter Mannino without a rebound.
1:48 of 1st overtime period - Riley Sheahan wins face-off versus Aaron Volpatti in Wolves zone.
1:55 of 1st overtime period - Slapshot by Riley Sheahan.
1:55 of 1st overtime period - Shot Misses the Net.
2:15 of 1st overtime period - Wrist shot by Aaron Volpatti.
2:15 of 1st overtime period - Stopped by Calvin Pickard with a rebound.
2:35 of 1st overtime period - Chris Terry is hit by Richard Panik and loses puck.
2:46 of 1st overtime period - Wrist shot by Scott Glennie.
2:46 of 1st overtime period - Shot Blocked by Riley Sheahan.
3:51 of 1st overtime period - Slapshot by Ben Hanowski.
3:51 of 1st overtime period - Shot Blocked by Sergei Gonchar.
4:36 of 1st overtime period - Sergei Gonchar is hit by Jared Boll and loses puck.
4:47 of 1st overtime period - Backhand shot by Jordan Schroeder.
4:47 of 1st overtime period - Shot Misses the Net.
Goals for this period are 0 for Wolves vs 0 for Heat.
Shots for this period are 1 for Wolves vs 4 for Heat.

ShootOut


5:00 of 1st overtime period - Penalty Shot by Chris Terry for Wolves.
5:00 of 1st overtime period - Snap shot by Chris Terry.
5:00 of 1st overtime period - Stopped by Calvin Pickard.
5:00 of 1st overtime period - Penalty Shot by Riley Sheahan for Heat.
5:00 of 1st overtime period - Wrist shot by Riley Sheahan.
5:00 of 1st overtime period - Goal by Riley Sheahan.
5:00 of 1st overtime period - Penalty Shot by Landon Ferraro for Wolves.
5:00 of 1st overtime period - Deke by Landon Ferraro.
5:00 of 1st overtime period - Shot Misses the Net.
5:00 of 1st overtime period - Penalty Shot by Richard Panik for Heat.
5:00 of 1st overtime period - Snap shot by Richard Panik.
5:00 of 1st overtime period - Shot Misses the Net.
5:00 of 1st overtime period - Penalty Shot by Jared Boll for Wolves.
5:00 of 1st overtime period - Snap shot by Jared Boll.
5:00 of 1st overtime period - Shot Misses the Net.


Output by the SimonT Hockey Simulator (STHS) for Eric Dolegowski -- Original Page W3C XHTML 1.0 Valid
Hockey Simulator - Hockey Simulation - Hockey Manager